 Dungeon Crawl Stone Soup version 0.25.1-8-g42b30a86e7 (webtiles) character file.

Game seed: 10571854987130345945

184386 Clowwww the Executioner (level 18, -16/170 HPs)
             Began as a Hill Orc Fighter on Dec 27, 2020.
             Was the Champion of Okawaru.
             Demolished by a reaper
             ... wielding a +2 vorpal scythe
             ... summoned by a deep elf demonologist
              (33 damage)
             ... on level 3 of the Elven Halls.
             The game lasted 01:30:15 (28698 turns).

Clowwww the Executioner (Hill Orc Fighter)         Turns: 28698, Time: 01:30:16

Health: -16/170    AC: 24    Str: 29    XL:     18   Next: 40%
Magic:  8/11       EV: 21    Int:  5    God:    Okawaru [******]
Gold:   323        SH: 20    Dex: 14    Spells: 17/17 levels left

rFire    + . .     SeeInvis +   A - +1 broad axe of Hatred {elec, rPois MP-9 Str+2 Dex+2}
rCold    + + +     Gourm    .   g - +2 kite shield of Dudam {*Slow rF+ rC+++ Regen+}
rNeg     + . .     Faith    .   E - +4 acid dragon scales
rPois    +         Spirit   .   j - +1 helmet {SInv}
rElec    .         Reflect  .   C - scarf {repulsion}
rCorr    +         Harm     .   (no gloves)
MR       +....                  Q - +2 pair of boots
Stlth    ++++......             (no amulet)
HPRegen  0.78/turn              p - +4 ring of slaying
MPRegen  0.12/turn              s - ring of Feom {rN+ AC+4 Int-3 Dex+2}

@: heroism, studying Shields, repel missiles
A: no striking features
a: Heroism, Finesse, Renounce Religion


You were on level 3 of the Elven Halls.
You worshipped Okawaru.
Okawaru was exalted by your worship.
You were hungry.

You visited 4 branches of the dungeon, and saw 26 of its levels.
You also visited: Gauntlet.

You collected 2455 gold pieces.
You spent 2132 gold pieces at shops.

Inventory:

Hand Weapons
 a - a +4 war axe of flaming
 A - the +1 broad axe of Hatred (weapon) {elec, rPois MP-9 Str+2 Dex+2}
   (You found it on level 2 of the Lair of Beasts)

   Occasionally, upon striking a foe, it will discharge some electrical energy
   and cause terrible harm.
   It affects your strength (+2).
   It affects your dexterity (+2).
   It protects you from poison.
   It affects your magic capacity (-9).
Missiles
 l - a throwing net
 J - 6 silver javelins (quivered)
Armour
 g - the +2 kite shield of Dudam (worn) {*Slow rF+ rC+++ Regen+}
   (Okawaru gifted it to you on level 14 of the Dungeon)

   It protects you from fire.
   It renders you almost immune to cold.
   It increases your rate of regeneration.
   It may slow you when you take damage.
 j - a +1 helmet of see invisible (worn)
 C - a scarf of repulsion (worn)
 E - +4 acid dragon scales (worn)
 Q - a +2 pair of boots (worn)
Jewellery
 c - an uncursed ring of wizardry {unknown}
 p - a +4 ring of slaying (left hand)
 r - an uncursed ring of protection from fire {unknown}
 s - the ring of Feom (right hand) {rN+ AC+4 Int-3 Dex+2}
   (You found it on level 9 of the Dungeon)

   [ring of protection]

   It affects your AC (+4).
   It affects your intelligence (-3).
   It affects your dexterity (+2).
   It protects you from negative energy.
 y - a +6 ring of strength
 O - an uncursed ring of protection from fire {unknown}
 W - a +6 ring of intelligence {unknown}
Wands
 b - a wand of acid (32)
 z - a wand of clouds (5)
 I - a wand of polymorph (24)
 K - a wand of disintegration (23)
 R - a wand of iceblast (13)
Scrolls
 i - 2 scrolls of identify
 m - 3 scrolls of amnesia
 q - 7 scrolls of teleportation
 w - 11 scrolls of remove curse
 F - a scroll of blinking
 L - a scroll of enchant weapon
 M - a scroll of fear
 N - a scroll of magic mapping
 Z - a scroll of fog
Potions
 e - a potion of might
 h - 2 potions of brilliance
 k - 4 potions of stabbing
 n - 16 potions of curing
 o - 3 potions of resistance
 t - 2 potions of cancellation
 u - a potion of magic
 x - 6 potions of heal wounds
 B - a potion of invisibility
 D - a potion of ambrosia
 G - a potion of berserk rage
 H - 7 potions of flight
 T - 3 potions of haste
Books
 v - a manual of Shields
Comestibles
 d - 2 chunks of flesh
 f - 50 rations


   Skills:
 + Level 17.6(22.6) Fighting
 + Level 21.6(26.6) Axes
 + Level 6.8(11.8) Throwing
 + Level 9.5(14.5) Armour
 + Level 9.8(14.8) Dodging
 + Level 6.4(11.4) Stealth
 + Level 17.6(22.6) Shields
 + Level 3.8 Invocations
 + Level 1.1 Evocations


You had 17 spell levels left.
You didn't know any spells.
Your spell library contained the following spells:

 Spells                   Type           Power        Failure   Level  Hunger
 Animate Skeleton         Necr           N/A          52%         1    ##.....
 Apportation              Tloc           #.....       52%         1    ##.....
 Corona                   Hex            #......      52%         1    ##.....
 Infusion                 Chrm           #...         52%         1    ##.....
 Magic Dart               Conj           #...         52%         1    ##.....
 Pain                     Necr           #...         52%         1    ##.....
 Sting                    Tmut/Pois      #...         52%         1    ##.....
 Summon Butterflies       Summ           #.......     52%         1    ##.....
 Summon Small Mammal      Summ           #...         52%         1    ##.....
 Blink                    Tloc           N/A          65%         2    ###....
 Call Imp                 Summ           #.......     65%         2    ###....
 Poisonous Vapours        Pois/Air       #.....       65%         2    ###....
 Searing Ray              Conj           #.....       65%         2    ###....
 Shroud of Golubria       Chrm/Tloc      #.....       65%         2    ###....
 Slow                     Hex            #.......     65%         2    ###....
 Song of Slaying          Chrm           #.......     65%         2    ###....
 Call Canine Familiar     Summ           #.......     87%         3    ####...
 Conjure Flame            Conj/Fire      #.......     87%         3    ####...
 Dazzling Flash           Conj/Hex       #.....       87%         3    ####...
 Gell's Gravitas          Tloc           #.........   87%         3    ####...
 Ignite Poison            Fire/Tmut/Pois #.......     87%         3    ####...
 Inner Flame              Hex/Fire       #.......     87%         3    ####...
 Lesser Beckoning         Tloc           #.........   87%         3    ####...
 Mephitic Cloud           Conj/Pois/Air  #.......     87%         3    ####...
 Ozocubu's Armour         Chrm/Ice       #.......     87%         3    ####...
 Portal Projectile        Hex/Tloc       #.....       87%         3    ####...
 Recall                   Summ/Tloc      N/A          87%         3    ####...
 Spectral Weapon          Hex/Chrm       #.......     87%         3    ####...
 Summon Guardian Golem    Hex/Summ       #.......     87%         3    ####...
 Teleport Other           Tloc           #.......     87%         3    ####...
 Vampiric Draining        Necr           #.........   87%         3    ####...
 Animate Dead             Necr           N/A          99%         4    #####..
 Cause Fear               Hex            #.........   99%         4    #####..
 Fulminant Prism          Conj/Hex       #.........   99%         4    #####..
 Ice Form                 Ice/Tmut       #.......     99%         4    #####..
 Iskenderun's Mystic Bla  Conj/Tloc      #.......     99%         4    #####..
 Leda's Liquefaction      Hex/Erth       #.........   99%         4    #####..
 Olgreb's Toxic Radiance  Pois           #.......     99%         4    #####..
 Passage of Golubria      Tloc           N/A          99%         4    #####..
 Summon Ice Beast         Ice/Summ       #.......     99%         4    #####..
 Bolt of Magma            Conj/Fire/Erth #.........   100%        5    ######.
 Borgnjor's Vile Clutch   Necr/Erth      #.........   100%        5    ######.
 Irradiate                Conj/Tmut      #.........   100%        5    ######.
 Metabolic Englaciation   Hex/Ice        #.........   100%        5    ######.
 Summon Demon             Summ           #.........   100%        5    ######.
 Summon Mana Viper        Hex/Summ       #.......     100%        5    ######.
 Death Channel            Necr           #.........   100%        6    #######
 Freezing Cloud           Conj/Ice/Air   #.........   100%        6    #######
 Hydra Form               Tmut           #.........   100%        6    #######
 Iron Shot                Conj/Erth      #.........   100%        6    #######
 Ozocubu's Refrigeration  Ice            #.........   100%        6    #######
 Simulacrum               Ice/Necr       #.........   100%        6    #######
 Statue Form              Tmut/Erth      #........    100%        6    #######
 Dragon Form              Tmut           #.........   100%        7    #######
 Ring of Flames           Chrm/Fire      #.........   100%        7    #######
 Summon Hydra             Summ           #.........   100%        7    #######
 Shatter                  Erth           #.........   100%        9    #######


Dungeon Overview and Level Annotations

Branches:
Dungeon (15/15)            Temple (0/1) D:7            Lair (6/6) D:9
 Shoals (0/4) Lair:4        Snake (0/4) Lair:2        Slime (0/5) Lair:5
    Orc (2/2) D:9             Elf (3/3) Orc:2        Vaults (0/5) D:14
 Depths (0/5) D:15        Gauntlet (visited)

Altars:
Cheibriados
Dithmenos
Fedhas
Kikubaaqudgha
Okawaru
The Shining One
Beogh
Jiyva

Shops:
Orc:2 :?(![   Elf:1 =[


Message History

The silver javelin misses the deep elf knight.
The silver javelin closely misses the deep elf annihilator.
A deep elf mage comes into view. It is wielding a +0 long sword.
The reaper hits you from afar with a +2 vorpal scythe!!!
* * * LOW HITPOINT WARNING * * *
x2 A deep elf master archer comes into view.
The green death completely misses you. You block the deep elf knight's attack.
You hear a shout!
You feel much better.
The deep elf annihilator casts a spell.
The deep elf annihilator blinks!
The deep elf sorcerer casts a spell.
The deep elf sorcerer seems to speed up.
You block the deep elf knight's attack. You block the green death's attack.
The tormentor calls on the powers of darkness!
The deep elf mage convulses!
The deep elf sorcerer convulses!
The deep elf knight convulses!
Your body is wracked with pain!
* * * LOW HITPOINT WARNING * * *
The reaper hits you from afar with a +2 vorpal scythe!!
You die... ()(..# .(.)....## ........( e○)...).. e§e... °e22

###e###
##.@2..##
###...(...###
#...........#
#...........#
#...........#
#...........#
#......)....#
#...[.......#
###.......###


You could see a reaper (summoned), a green death (summoned), a deep elf sorcerer
(fast), a deep elf knight, a deep elf mage and a tormentor (summoned).

Vanquished Creatures
  Rupert (D:14)
  2 deep elf blademasters (Elf:3)
  The ghost of DogServant the Warrior, an adept DrTm of Makhleb (Elf:3)
  3 deep elf master archers (Elf:3)
  8 deep elf sorcerers (Elf:3)
  Louise (Elf:2)
  4 deep elf elementalists (Elf:3)
  A deep elf demonologist (Elf:3)
  3 deep elf annihilators
  A minotaur (Gauntlet)
  The ghost of Caizutug the Basher, a journeyman MiHu of Okawaru (Lair:2)
  3 deep elf death magi
  3 deep elf high priests (Elf:3)
  The ghost of releu the Fighter, a journeyman DrIE of Hepliaklqana (D:11)
  11 hydras
  4 catoblepae
  Erica (D:8)
  5 centaur warriors
  6 two-headed ogres (D:15)
  An ogre mage (D:15)
  17 death yaks
  29 dancing weapons
  Urug (D:14)
  21 deep elf knights
  Sonja (Lair:6)
  A small abomination (Elf:3)
  A large abomination (Elf:3)
  Nergalle (Lair:3)
  A fire crab (Gauntlet)
  3 skeletal warriors (D:13)
  An unseen horror (D:14)
  Pikel (D:8)
  10 deep elf archers
  3 orc knights
  A necromancer (D:15)
  An oklob plant (Gauntlet)
  4 orc sorcerers
  A wolf spider zombie (D:15)
  62 deep elf magi
  13 ugly things
  2 cyclopes
  4 manticores
  6 elephants
  A black mamba (shapeshifter) (D:14)
  6 black mambas
  Joseph (D:7)
  2 gargoyles
  An ice statue (Gauntlet)
  An apocalypse crab (Gauntlet)
  Maggie (D:8)
  2 centaur zombies
  7 spiny frogs
  2 rime drakes
  10 centaur skeletons
  7 komodo dragons
  A freezing wraith (D:14)
  A queen bee (D:12)
  4 polar bears
  12 slime creatures
  6 trolls
  2 hornets
  8 hippogriffs
  A dream sheep (Lair:5)
  3 meliai zombies
  An air elemental (Elf:3)
  11 flying skulls (Gauntlet)
  A shadow (D:9)
  A spriggan (Lair:3)
  A water elemental (Elf:3)
  16 humans (D:14)
  32 yaks
  6 wyverns
  3 fire elementals
  2 hungry ghosts
  4 wraiths
  Eustachio (D:5)
  2 fire bats (Gauntlet)
  A hog (shapeshifter) (Elf:2)
  4 basilisks
  11 vampire mosquitoes
  3 wargs (Orc:2)
  2 acid dragons
  19 water moccasins
  Duvessa (D:4)
  8 porcupines
  3 black bears
  An ice beast (D:11)
  3 sky beasts
  5 phantoms
  2 slaves (D:8)
  A hornet zombie (D:15)
  49 orc warriors
  6 boggarts (D:15)
  10 ogres
  3 necrophages
  20 centaurs
  16 crocodiles
  A big kobold (D:11)
  2 earth elementals
  19 bullfrogs
  Dowan (D:4)
  3 troll zombies (D:9)
  3 scorpions
  25 killer bees
  12 wights
  3 spriggan skeletons (D:12)
  5 howler monkeys
  3 vampire bats (D:3)
  An electric eel (Lair:3)
  7 crimson imps
  A bullfrog zombie (D:12)
  3 bullfrog skeletons
  16 orc wizards
  5 hounds
  4 jellies
  3 quasits
  Crazy Yiuf (D:4)
  13 orc priests
  Jessica (D:2)
  4 iguanas
  Natasha (twice) (D:2)
  9 worker ants
  A killer bee zombie (D:10)
  5 ogre zombies (D:9)
  A hound zombie (D:7)
  A hound skeleton (D:8)
  A howler monkey zombie (D:9)
  8 gnolls
  15 adders
  5 shadow imps
  A worm (D:3)
  A dart slug (D:3)
  6 leopard geckos
  60 orcs
  6 bats
  3 bat skeletons (D:3)
  4 bat zombies (D:3)
  4 giant cockroaches
  7 hobgoblins
  3 jackals (D:1)
  9 kobolds
  2 quokkas
  5 ball pythons
  4 frilled lizards
  A giant cockroach zombie (D:5)
  3 goblins
  4 goblin skeletons (D:9)
  A goblin zombie (D:9)
  A hobgoblin skeleton (D:9)
  3 hobgoblin zombies (D:9)
  A leopard gecko skeleton (D:5)
  2 orc skeletons (D:9)
  14 orc zombies (D:9)
  3 rats
  A bush (Lair:5)
  A crawling corpse (Elf:3)
  8 fungi
  3 plants (Lair:2)
919 creatures vanquished.

Vanquished Creatures (others)
  A deep elf archer (Elf:2)
  A deep elf mage (Elf:1)
  A boggart (D:15)
  A crimson imp (D:8)
  A jackal skeleton (D:8)
  A fungus (Lair:5)
  9 plants (Lair:6)
15 creatures vanquished.

Grand Total: 934 creatures vanquished

Notes
Turn   | Place    | Note
-------+----------+-------------------------------------------
     0 | D:1      | Clowwww the Hill Orc Fighter began the quest for the Orb.
     0 | D:1      | Reached XP level 1. HP: 19/19 MP: 1/1
    97 | D:1      | Reached XP level 2. HP: 24/27 MP: 2/2
   356 | D:1      | Reached skill level 3 in Axes
   391 | D:1      | Reached XP level 3. HP: 27/33 MP: 3/3
  1325 | D:2      | Noticed Natasha
  1335 | D:2      | Killed Natasha
  1335 | D:2      | Reached XP level 4. HP: 8/40 MP: 4/4
  1627 | D:2      | Noticed Jessica
  1637 | D:2      | Killed Jessica
  1637 | D:2      | Reached skill level 4 in Axes
  1967 | D:2      | Noticed Natasha
  1970 | D:2      | Killed Natasha
  1970 | D:2      | Reached XP level 5. HP: 46/46 MP: 5/5
  2467 | D:3      | Found an ancient bone altar of Kikubaaqudgha.
  2471 | D:3      | Reached skill level 5 in Axes
  2471 | D:3      | Reached skill level 1 in Dodging
  2471 | D:3      | Reached XP level 6. HP: 48/53 MP: 6/6
  2796 | D:4      | Noticed Dowan
  2796 | D:4      | Noticed Duvessa
  2818 | D:4      | Killed Duvessa
  2824 | D:4      | Killed Dowan
  2824 | D:4      | Reached XP level 7. HP: 19/60 MP: 7/7
  3103 | D:4      | Reached skill level 5 in Armour
  3103 | D:4      | Reached skill level 5 in Shields
  3370 | D:4      | Reached skill level 6 in Axes
  4103 | D:4      | Found a runed translucent door.
  4104 | D:4      | Noticed Crazy Yiuf
  4304 | D:4      | Reached skill level 5 in Fighting
  4304 | D:4      | Reached skill level 7 in Axes
  4451 | D:4      | Killed Crazy Yiuf
  4527 | D:5      | Entered Level 5 of the Dungeon
  4583 | D:5      | Noticed Eustachio
  4593 | D:5      | Killed Eustachio
  4593 | D:5      | Reached XP level 8. HP: 68/68 MP: 8/8
  4839 | D:5      | Found a glowing golden altar of the Shining One.
  4839 | D:5      | Found a faded altar of an unknown god.
  4844 | D:5      | Found an iron altar of Okawaru.
  4846 | D:5      | Found a snail-covered altar of Cheibriados.
  4848 | D:5      | Found a shadowy altar of Dithmenos.
  4851 | D:5      | Became a worshipper of Warmaster Okawaru
  4880 | D:5      | Reached skill level 8 in Axes
  5384 | D:5      | Found a blossoming altar of Fedhas.
  5613 | D:6      | Reached skill level 1 in Stealth
  5685 | D:6      | Reached * piety under Okawaru
  5685 | D:6      | Reached skill level 9 in Axes
  5867 | D:6      | Reached XP level 9. HP: 75/75 MP: 6/9
  6198 | D:7      | Reached skill level 10 in Axes
  6303 | D:7      | Noticed Joseph
  6321 | D:7      | Killed Joseph
  6715 | D:7      | Found a staircase to the Ecumenical Temple.
  6827 | D:8      | Reached ** piety under Okawaru
  6846 | D:8      | Reached skill level 11 in Axes
  6867 | D:8      | Noticed Maggie
  6894 | D:8      | Killed Maggie
  6894 | D:8      | Reached skill level 1 in Throwing
  6978 | D:8      | Reached *** piety under Okawaru
  6978 | D:8      | Reached XP level 10. HP: 60/84 MP: 10/10
  6997 | D:8      | Noticed Pikel
  7006 | D:8      | Killed Pikel
  7006 | D:8      | Reached skill level 12 in Axes
  7218 | D:8      | Noticed Erica
  7235 | D:8      | Killed Erica
  7238 | D:8      | Reached skill level 1 in Invocations
  7489 | D:8      | Reached **** piety under Okawaru
  7905 | D:9      | Reached skill level 13 in Axes
  8176 | D:9      | Found a staircase to the Orcish Mines.
  8356 | D:9      | Received a gift from Okawaru
  8358 | D:9      | Reached XP level 11. HP: 32/93 MP: 12/12
  8379 | D:9      | Reached skill level 14 in Axes
  8383 | D:9      | Reached ***** piety under Okawaru
  8988 | D:9      | Got a coiled copper ring
  8990 | D:9      | Found a staircase to the Lair.
  9174 | D:9      | Identified the ring of Feom {rN+ AC+4 Int-3 Dex+2} (You
                  | found it on level 9 of the Dungeon)
  9189 | D:10     | Entered Level 10 of the Dungeon
  9575 | D:10     | Received a gift from Okawaru
 10211 | D:11     | Noticed a manticore
 10211 | D:11     | Noticed a cyan ugly thing
 10215 | D:11     | Killed a manticore
 10222 | D:11     | Killed a cyan ugly thing
 10390 | D:11     | Reached skill level 15 in Axes
 10698 | D:11     | Found a large runed translucent door.
 10698 | D:11     | Found a large runed translucent door.
 10700 | D:11     | Noticed releu's ghost (journeyman DrIE)
 10714 | D:11     | Reached skill level 5 in Dodging
 10730 | D:11     | Killed releu's ghost
 10730 | D:11     | Received a gift from Okawaru
 10991 | D:11     | Reached XP level 12. HP: 100/104 MP: 13/13
 11072 | D:11     | Received a gift from Okawaru
 11075 | D:11     | Got an encrusted executioner's axe {god gift}
 11081 | D:11     | Identified the +0 executioner's axe of Action {flame,
                  | *Noise Int+3 Dex+4 SInv} (Okawaru gifted it to you on level
                  | 11 of the Dungeon)
 11578 | D:12     | Reached skill level 16 in Axes
 12172 | D:12     | Reached skill level 10 in Fighting
 12421 | D:13     | Noticed a deep elf knight
 12434 | D:13     | Killed a deep elf knight
 12434 | D:13     | Received a gift from Okawaru
 12437 | D:13     | Got a pair of polished boots {god gift}
 12450 | D:13     | Identified the +0 pair of boots of Prudence {rPois rCorr
                  | Int+4 Slay-6} (Okawaru gifted it to you on level 13 of the
                  | Dungeon)
 12618 | D:13     | Noticed a centaur warrior
 12618 | D:13     | Noticed a centaur warrior
 12618 | D:13     | Noticed a centaur warrior
 12628 | D:13     | Killed a centaur warrior
 12635 | D:13     | Killed a centaur warrior
 12636 | D:13     | Killed a centaur warrior
 12777 | D:13     | Got a blackened ring mail
 12795 | D:13     | Identified the +3 ring mail of the Moon {-Cast rPois MR-
                  | rCorr} (You found it on level 13 of the Dungeon)
 12904 | D:13     | Found an iron altar of Okawaru.
 12914 | D:13     | Reached skill level 10 in Shields
 13210 | D:13     | Noticed an eight-headed hydra
 13225 | D:13     | Killed a two-headed hydra
 13225 | D:13     | Reached XP level 13. HP: 102/116 MP: 14/14
 13310 | D:13     | Got a shimmering scale mail
 13321 | D:13     | Identified the +6 scale mail "Fezatz" {Int+6} (You found it
                  | on level 13 of the Dungeon)
 13333 | D:13     | Found a shadowy altar of Dithmenos.
 13929 | D:14     | Found a gate to the Vaults.
 13929 | D:14     | Noticed Rupert
 13929 | D:14     | Noticed Urug
 13932 | D:14     | Reached skill level 17 in Axes
 13942 | D:14     | Killed Rupert
 13942 | D:14     | Reached ****** piety under Okawaru
 13952 | D:14     | Received a gift from Okawaru
 13954 | D:14     | Killed Urug
 14091 | D:14     | Noticed a deep elf death mage
 14119 | D:14     | Killed a deep elf death mage
 15136 | D:14     | Received a gift from Okawaru
 15136 | D:14     | Reached XP level 14. HP: 34/127 MP: 13/15
 15140 | D:14     | Got an encrusted kite shield {god gift}
 15151 | D:14     | Identified the +2 kite shield of Dudam {*Slow rF+ rC+++
                  | Regen+} (Okawaru gifted it to you on level 14 of the
                  | Dungeon)
 15995 | D:15     | Entered Level 15 of the Dungeon
 16037 | D:15     | Reached skill level 18 in Axes
 16910 | D:15     | Found a staircase to the Depths.
 17038 | D:15     | Received a gift from Okawaru
 17061 | D:15     | Got a dazzling trident {god gift}
 17062 | D:15     | Identified the +3 trident of Proximity {protect, MR+}
                  | (Okawaru gifted it to you on level 15 of the Dungeon)
 17387 | Lair:1   | Entered Level 1 of the Lair of Beasts
 17439 | Lair:1   | Found a gate leading to a gauntlet.
 17454 | Gauntlet | Entered a Gauntlet
 17454 | Gauntlet | Found a transporter.
 17460 | Gauntlet | Found a runed translucent door.
 17463 | Gauntlet | Found a transporter.
 17464 | Gauntlet | Found a transporter.
 17465 | Gauntlet | Found a transporter.
 17476 | Gauntlet | Found a transporter.
 17477 | Gauntlet | Found a transporter.
 17481 | Gauntlet | Found a transporter.
 17488 | Gauntlet | Found a transporter.
 17488 | Gauntlet | Found a transporter.
 17489 | Gauntlet | Found a transporter.
 17497 | Gauntlet | Found a transporter.
 17500 | Gauntlet | Found a transporter.
 17501 | Gauntlet | Found a transporter.
 17520 | Gauntlet | Found a transporter.
 18031 | Gauntlet | Paralysed by you for 7 turns
 18081 | Gauntlet | Received a gift from Okawaru
 18099 | Gauntlet | Reached XP level 15. HP: 127/137 MP: 16/16
 19195 | Lair:2   | Found a dark tunnel.
 19307 | Lair:2   | You fall into a shaft and drop 2 floors!
 19307 | Lair:4   | Found a staircase to the Shoals.
 20019 | Lair:3   | Received a gift from Okawaru
 20031 | Lair:3   | Reached skill level 19 in Axes
 20067 | Lair:3   | Noticed Nergalle
 20083 | Lair:3   | Killed Nergalle
 20566 | Lair:2   | Found a runed translucent gate.
 20566 | Lair:2   | Found a runed translucent gate.
 20566 | Lair:2   | Found a runed translucent gate.
 20568 | Lair:2   | Noticed Caizutug's ghost (journeyman MiHu)
 20602 | Lair:2   | Killed Caizutug's ghost
 20616 | Lair:2   | Identified the Compendium of Sinister Companions
 20620 | Lair:2   | Got a twisted broad axe
 20621 | Lair:2   | Identified the cursed +1 broad axe of Hatred {elec, rPois
                  | MP-9 Str+2 Dex+2} (You found it on level 2 of the Lair of
                  | Beasts)
 20811 | Lair:2   | Found a staircase to the Snake Pit.
 21302 | Lair:4   | Received a gift from Okawaru
 22063 | Lair:5   | Reached skill level 15 in Fighting
 22064 | Lair:5   | Reached skill level 1 in Evocations
 22369 | Lair:5   | Reached skill level 5 in Stealth
 22499 | Lair:5   | Found the +8 whip "Snakebite" {curare, rPois}
 22610 | Lair:5   | Found a viscous altar of Jiyva.
 22610 | Lair:5   | Found a staircase to the Slime Pits.
 22906 | Lair:6   | Entered Level 6 of the Lair of Beasts
 22954 | Lair:6   | Received a gift from Okawaru
 22959 | Lair:6   | Got a faintly humming hat {god gift}
 22970 | Lair:6   | Identified the +0 hat of the Serpent {Harm} (Okawaru gifted
                  | it to you on level 6 of the Lair of Beasts)
 23024 | Lair:6   | Noticed Sonja
 23061 | Lair:6   | Killed Sonja
 23061 | Lair:6   | Reached XP level 16. HP: 149/149 MP: 18/18
 24224 | Orc:1    | Entered Level 1 of the Orcish Mines
 24225 | Orc:1    | Paralysed by an orc sorcerer for 7 turns
 24297 | Orc:2    | Entered Level 2 of the Orcish Mines
 24297 | Orc:2    | Found Muupen's Antique Armour Shop.
 24628 | Orc:2    | Found a staircase to the Elven Halls.
 24730 | Orc:2    | Found a roughly hewn altar of Beogh.
 24945 | Orc:2    | Found Toloxac's Antique Weapon Emporium.
 24945 | Orc:2    | Found Hiat's Magic Scroll Boutique.
 24947 | Orc:2    | Found Ranwu Iro's Book Shop.
 24949 | Orc:2    | Found Tuoqoh's Distillery.
 24956 | Orc:2    | Bought a manual of Shields for 1656 gold pieces
 24963 | Orc:2    | Bought a potion of heal wounds for 70 gold pieces
 24963 | Orc:2    | Bought a potion of heal wounds for 70 gold pieces
 24963 | Orc:2    | Bought a potion of curing for 42 gold pieces
 24963 | Orc:2    | Bought a potion of heal wounds for 70 gold pieces
 24963 | Orc:2    | Bought 2 potions of curing for 84 gold pieces
 24963 | Orc:2    | Bought 2 potions of heal wounds for 140 gold pieces
 25104 | Elf:1    | Entered Level 1 of the Elven Halls
 25114 | Elf:1    | Reached skill level 20 in Axes
 25205 | Elf:1    | Found Nuzanir's Antique Armour Emporium.
 25210 | Elf:1    | Found Gengugh's Jewellery Emporium.
 25439 | Elf:1    | Received a gift from Okawaru
 25440 | Elf:1    | Found the +2 robe of Vines {NoPotionHeal Regen+7}
 25853 | Elf:1    | Reached skill level 15 in Shields
 26283 | Elf:2    | Noticed Louise
 26298 | Elf:2    | Killed Louise
 26357 | Elf:2    | Reached XP level 17. HP: 159/159 MP: 10/19
 26638 | Elf:3    | Entered Level 3 of the Elven Halls
 26896 | Elf:3    | Found a large runed translucent door.
 26900 | Elf:3    | Found a large runed translucent door.
 26902 | Elf:3    | Noticed DogServant's ghost (adept DrTm)
 26914 | Elf:3    | Received a gift from Okawaru
 26976 | Elf:3    | Killed DogServant's ghost
 27464 | Elf:2    | Received a gift from Okawaru
 27537 | Elf:2    | Found a runed translucent gate.
 27537 | Elf:2    | Found a runed translucent gate.
 27537 | Elf:2    | Found a runed translucent gate.
 27632 | Elf:2    | Reached skill level 5 in Throwing
 27722 | Elf:2    | Reached skill level 21 in Axes
 28636 | Elf:3    | Noticed a deep elf master archer
 28650 | Elf:3    | Noticed a deep elf blademaster
 28651 | Elf:3    | Killed a deep elf master archer
 28651 | Elf:3    | Received a gift from Okawaru
 28651 | Elf:3    | Reached XP level 18. HP: 130/170 MP: 6/20
 28651 | Elf:3    | Noticed a deep elf blademaster
 28658 | Elf:3    | Killed a deep elf blademaster
 28665 | Elf:3    | Noticed a deep elf master archer
 28670 | Elf:3    | Killed a deep elf blademaster
 28677 | Elf:3    | Noticed a deep elf master archer
 28686 | Elf:3    | Killed a deep elf master archer
 28688 | Elf:3    | Killed a deep elf master archer
 28697 | Elf:3    | Noticed a deep elf master archer
 28698 | Elf:3    | Demolished by a reaper

Illustrated notes

Levels and vault maps discovered:
D:1:      dpeg_arrival_stonehenge_12_columns, layout_loops_ring
D:2:      layout_rooms, chequers_mini_garden, uniq_natasha, uniq_jessica
D:3:      layout_loops_cross, kennysheep_vampire_church, first_ration
D:4:      layout_loops_corners, uniq_crazy_yiuf_cottage, uniq_duvessa
D:5:      layout_loops_corners, kennysheep_mini,
          chequers_temple_overflow_minitemple,
          eino_small_chamber_without_monster, bh_chokoban,
          grunt_decor_arrowhead, uniq_eustachio
D:6:      layout_basic
D:7:      layout_loops_cross, minmay_temple_entry_from_below_a, uniq_joseph
D:8:      minmay_curly_fans, layout_basic, uniq_erica, uniq_pikel, uniq_maggie
D:9:      layout_basic, lair_entry_dummy, zombieorc2_lemuel
D:10:     layout_long_grid
D:11:     layout_small_grid, ebering_ghost_disaster_area
D:12:     layout_basic, david_nohive_1, hangedman_tell_no_tales
D:13:     evilmike_iron_armoury, layout_basic, basic_altar
D:14:     layout_cave_pods, david_vaults_3, minmay_door_square
D:15:     grunt_enter_depths_magical_seal, layout_gridville,
          nicolae_two_hexagons, uniq_rupert
Lair:1:   layout_cave_pods, gauntlet_entry_generic, grunt_megastairs_1
Lair:2:   layout_regular_city, minmay_snake_entry_six_corridors,
          enter_volcano_4, gammafunk_ghost_hydra_chop
Lair:3:   layout_gridlike, grunt_forest_large_clearing_hut, uniq_nergalle
Lair:4:   layout_cave_pods, minmay_shoals_entry_beasts
Lair:5:   minmay_guarded_unrand_snakebite, layout_loops_ring,
          dpeg_slime_entry_enclosed_altar, chequers_serial_rivers_micro_a,
          nzn_random_ring
Lair:6:   evilmike_catoblepas_cave, layout_hall_layers, grunt_megastairs_5,
          lemuel_fruit_tree, uniq_sonja
Orc:1:    layout_diamond_mine, serial_shops, nicolae_shop_stone,
          nicolae_orc_flooded_monolith, nicolae_orc_sculptors_studio
Orc:2:    st_orc_rangers, layout_caves, basic_altar, serial_shops,
          nicolae_shop_waterfront
Elf:1:    layout_loops_corners, minivault_28, hangedman_elven_pyramids,
          nicolae_elf_big_sculpture_1, minmay_shop_star
Elf:2:    layout_onion_city, minivault_26, drop_trap, uniq_louise
Elf:3:    minmay_elf_hall_hex, layout_gridlike, ebering_ghost_disaster_area

Skill      XL: |  1  2  3  4  5  6  7  8  9 10 11 12 13 14 15 16 17 |
---------------+----------------------------------------------------+-----
Axes           | 3 4 5 7 9 11 13 15 16 17 18 19 20 21 | 21.6
Fighting       | 4 5 6 7 9 11 12 13 15 16 17 | 17.6
Armour         | 4 5 6 7 8 9 |  9.5
Shields        | 4 5 6 7 9 10 11 12 13 15 17 | 17.6
Dodging        | 1 2 3 5 6 7 8 9 |  9.8
Stealth        | 1 2 3 4 5 6 |  6.4
Throwing       | 1 2 3 4 6 |  6.8
Invocations    | 1 2 3 |  3.8
Evocations     | 1 |  1.1

Action                   |  1- 3 |  4- 6 |  7- 9 | 10-12 | 13-15 | 16-18 || total
-------------------------+-------+-------+-------+-------+-------+-------++-------
Melee: War axe           |    93 |    77 |   248 |   522 |   705 |   120 ||  1765
       Executioner's axe |       |       |       |    15 |     4 |       ||    19
       Broad axe         |       |       |       |       |    76 |   585 ||   661
Throw: Javelin           |       |       |     4 |    15 |    43 |    86 ||   148
       Boomerang         |       |       |       |       |     1 |       ||     1
Invok: Heroism           |       |       |     1 |     6 |     4 |     1 ||    12
       Finesse           |       |       |       |     1 |     2 |     1 ||     4
Evoke: Wand              |       |       |       |     1 |     8 |     2 ||    11
  Use: Potion            |       |     1 |     2 |     4 |     5 |     5 ||    17
       Scroll            |       |       |    15 |    14 |    11 |     2 ||    42
 Stab: Sleeping          |       |       |       |     4 |    14 |     8 ||    26
       Distracted        |       |       |       |       |     1 |       ||     1
       Invisible         |       |       |       |       |       |     2 ||     2
  Eat: Chunk             |     1 |     5 |    13 |    21 |    28 |    14 ||    82
       Ration            |       |       |       |       |     1 |     1 ||     2
Armor: Scale mail        |    50 |    51 |    65 |       |       |       ||   166
       Acid dragon scale |       |       |     1 |   201 |   280 |   139 ||   621
Dodge: Dodged            |    42 |    34 |    86 |   255 |   344 |   229 ||   990
       Repelled          |       |       |     1 |    14 |     8 |    34 ||    57
Block: Kite shield       |    72 |    52 |   119 |   328 |   477 |   462 ||  1510
